 Dungeon Crawl Stone Soup version 0.30.0-19-g36f170ea60 (webtiles) character file.

Game seed: 16719378897146271384

39 cdecastro the Sneak (level 3, -1/16 HPs)
             Began as a Vine Stalker Enchanter on May 29, 2023.
             Slain by a cerulean imp
             ... wielding a +0 spear
             ... summoned by Natasha
              (3 damage)
             ... on level 2 of the Dungeon.
             The game lasted 00:03:09 (1038 turns).

cdecastro the Sneak (Vine Stalker Enchanter)        Turns: 1038, Time: 00:03:09

Health: -1/16      AC:  5    Str: 12    XL:     3   Next: 45%
Magic:  0/7        EV: 12    Int: 15    God:
Gold:   67         SH:  0    Dex: 14    Spells: 4/6 levels left

rFire   . . .        a - +1 dagger
rCold   . . .        (no shield)
rNeg    . . .        k - +2 robe {Will+}
rPois   .            g - +0 helmet
rElec   .            (no cloak)
rCorr   .            (no gloves)
SInv    .            (no boots)
Will    +....        (no amulet)
Stlth   ++           (no ring)
HPRegen 0.22/turn    (no ring)
MPRegen 0.10/turn

%: guardian spirit
@: no status effects
A: fangs 2, magic shield, antimagic bite, no potion heal 2
a: no special abilities


You were on level 2 of the Dungeon.
You visited 1 branch of the dungeon, and saw 2 of its levels.

You collected 67 gold pieces.

Inventory:

Hand Weapons
 a - a +1 dagger (weapon)
Missiles
 i - 6 javelins (quivered)
Armour
 b - a +0 robe
 g - a +0 helmet (worn)
 k - a +2 robe of willpower (worn)
Scrolls
 d - a scroll of immolation {unknown}
 e - a scroll of teleportation {unknown}
 f - a scroll of identify {unknown}
 j - a scroll of enchant armour {unknown}
Potions
 c - a potion of invisibility
 h - a potion of haste {unknown}


   Skills:
 * Level 3.0 Short Blades
 - Level 1.5 Dodging
 - Level 3.6 Stealth
 - Level 2.1 Spellcasting
 - Level 3.0 Hexes


You had 4 spell levels left.
You knew the following spells:

 Your Spells              Type           Power      Damage    Failure   Level
a - Ensorcelled Hibernat  Hex/Ice        12%        N/A       19%         2

Your spell library contained the following spells:

 Spells                   Type           Power      Damage    Failure   Level
 Confusing Touch          Hex            10%        N/A       19%         3
 Tukima's Dance           Hex            10%        N/A       19%         3
 Dazzling Flash           Conj/Hex       12%        N/A       34%         3


Dungeon Overview and Level Annotations

Branches:
Dungeon (2/15)

Altars:

Shops:
D:1 (

Annotations:
D:2 Natasha


Innate Abilities, Weirdness & Mutations

You have extremely sharp teeth.
When hurt, damage is shared between your health and your magic reserves.
Your bite disrupts and absorbs the magic of your enemies.
Potions cannot restore your health.


Message History

Natasha is lightly wounded.
You closely miss Natasha. Your bite misses Natasha.
Natasha is lightly wounded.
Natasha barely misses you. The cerulean imp barely misses you.
You closely miss Natasha.
Natasha is lightly wounded.
Natasha claws you.
The cerulean imp hits you with a +0 spear.
You closely miss Natasha.
Natasha is lightly wounded.
Natasha claws you.
* * * LOW HITPOINT WARNING * * *
The cerulean imp hits you but does no damage.
You barely miss Natasha. You bite Natasha.
Natasha's magic leaks into the air.
You drain her magic.
You feel invigorated.
Natasha is moderately wounded.
Natasha closely misses you. The cerulean imp completely misses you.
You hit Natasha. You bite Natasha, but do no damage.
Natasha is heavily wounded.
Natasha claws you.
* * * LOW HITPOINT WARNING * * *
You closely miss Natasha. Your bite misses Natasha.
Natasha is heavily wounded.
The cerulean imp hits you with a +0 spear.
* * * LOW HITPOINT WARNING * * *
You closely miss Natasha.
Natasha is heavily wounded.
Natasha barely misses you.
The cerulean imp hits you with a +0 spear.
* * * LOW HITPOINT WARNING * * *
You hit Natasha. Your bite misses Natasha.
Natasha is severely wounded.
Natasha claws you.
* * * LOW HITPOINT WARNING * * *
The cerulean imp hits you with a +0 spear.
You hit Natasha.
Natasha is severely wounded.
Natasha falters for a moment.
The cerulean imp hits you with a +0 spear.
You die...

## .#
#######.#
.......#
.!.$.#
######.h.#
#......@.#
#....#..5#
#........#
#..#.##..# #
#..#.##..#
###.#..#.....#
....>...####.#
###..........#
##.##.######


You could see Natasha (magic disrupted) and a cerulean imp (summoned).

Vanquished Creatures
  Terence (D:2)
  A giant cockroach (D:1)
  2 goblins (D:1)
  2 hobgoblins (D:1)
  A quokka (D:1)
  A ball python (D:1)
  A bat (D:1)
  3 kobolds (D:1)
  3 rats
15 creatures vanquished.

Notes
Turn   | Place    | Note
-------+----------+-------------------------------------------
     0 | D:1      | cdecastro the Vine Stalker Enchanter began the quest for
                  | the Orb.
     0 | D:1      | Reached XP level 1. HP: 9/9 MP: 4/4
    67 | D:1      | Reached skill level 1 in Short Blades
   296 | D:1      | Reached XP level 2. HP: 13/13 MP: 6/6
   299 | D:1      | Learned a level 2 spell: Ensorcelled Hibernation
   627 | D:1      | Found Hov Bux's Weapon Emporium.
   918 | D:2      | Noticed Terence
   944 | D:2      | Killed Terence
   945 | D:2      | Reached XP level 3. HP: 2/16 MP: 3/7
  1025 | D:2      | Noticed Natasha
  1038 | D:2      | Slain by a cerulean imp

Illustrated notes

Levels and vault maps discovered:
D:1:      heliophobic_arrival_enchanted_forest, layout_basic, serial_shops,
          shop, nicolae_titane
D:2:      layout_basic, basic_altar, basic_ecumenical_altar, wad_woods_river_04,
          uniq_terence, uniq_natasha, uniq_jessica

Skill      XL: |  1  2 |
---------------+-------+-----
Short Blades   | 1 3 |  3.0
Dodging        | |  1.5
Stealth        | |  3.6
Spellcasting   | |  2.1
Hexes          | |  3.0

Action                     || total
---------------------------++-------
  Melee: Dagger            ||    47
         Bite              ||    12
    Use: Potion            ||     1
   Stab: Invisible         ||     1
         Sleeping          ||     1
 Armour: Robe              ||    12
  Dodge: Dodged            ||    30
